 Dungeon Crawl Stone Soup version 0.26.0-10-g1f06aea511 (webtiles) character file.

Game seed: 16523640185519195695

56 CurlyBrace the Grasshopper (level 3, 0/16 HPs)
             Began as a Felid Warper on Jan 14, 2021.
             Succumbed to Crazy Yiuf's poison
             ... on level 3 of the Dungeon.
             The game lasted 00:06:01 (485 turns).

CurlyBrace the Grasshopper (Felid Warper)            Turns: 485, Time: 00:06:02

Health: 0/16       AC:  1    Str:  7    XL:     3   Next: 69%
Magic:  3/7        EV: 18    Int: 15    God:
Gold:   34         SH:  0    Dex: 15    Spells: 4/6 levels left
                                        Lives:  0   Deaths: 0

rFire    . . .     SeeInvis +     - Unarmed
rCold    . . .     Faith    .   (shield unavailable)
rNeg     . . .     Spirit   .   (armour unavailable)
rPois    .         Reflect  .   (helmet unavailable)
rElec    .         Harm     .   (cloak unavailable)
rCorr    .         Rampage  .   (gloves unavailable)
Will     .....                  (boots unavailable)
Stlth    +++.......             (no amulet)
HPRegen  0.05/turn              (no ring)
MPRegen  0.10/turn              (no ring)

@: lethally poisoned (0 -> -11), quick
A: very small, no armour, no weapons or thrown items, stealth, claws 1, fangs 3,
see invisible, speed 1, shaggy fur 1, sharp paws
a: no special abilities


You were on level 3 of the Dungeon.
You visited 1 branch of the dungeon, and saw 5 of its levels.

You collected 34 gold pieces.

Inventory:

Wands
 a - a wand of iceblast (7)
   (You found it on level 3 of the Dungeon)
Scrolls
 z - a scroll of blinking


   Skills:
 - Level 2.0 Fighting
 - Level 3.2 Dodging
 + Level 3.4 Stealth
 + Level 3.2 Unarmed Combat
 - Level 2.0 Spellcasting
 - Level 4.4 Translocations


You had 4 spell levels left.
You knew the following spells:

 Your Spells              Type           Power        Failure   Level
a - Blink                 Tloc           N/A          5%          2

Your spell library contained the following spells:

 Spells                   Type           Power        Failure   Level
 Gell's Gravitas          Tloc           7%           11%         3
 Lesser Beckoning         Tloc           7%           11%         3
 Teleport Other           Tloc           14%          11%         3
 Passage of Golubria      Tloc           N/A          36%         4


Dungeon Overview and Level Annotations

Branches:
Dungeon (5/15)
 Temple: D:4-7

Altars:

Annotations:
D:3 Terence
D:4 exclusion: orc priest


Innate Abilities, Weirdness & Mutations

You cannot wear armour.
You are incapable of wielding weapons or throwing items.
Your paws allow you to move quietly. (Stealth)
You have sharp claws.
You have razor-sharp teeth.
You have supernaturally acute eyesight. (SInv)
You cover ground quickly.
You are covered in fur. (AC +1)
Your sharp claws are effective at attacking unaware monsters.


Message History

You feel sick.
* * * LOW HITPOINT WARNING * * *
You feel sick.
There is an open translucent door here.
Evoke which item? (* to show all) (? for menu, Esc to quit)
Aiming: Iceblast
Press: ? - help, Shift-Dir - straight line, f - Crazy Yiuf
Aim: Crazy Yiuf, wielding a +4 quarterstaff of chaos and wearing a cursed +0 cloak The mass of ice explodes!
The iceblast engulfs Crazy Yiuf!
Crazy Yiuf is severely wounded.
* * * LOW HITPOINT WARNING * * *
You feel sick.
Unknown command.
Unknown command.
Evoke which item? (* to show all) (? for menu, Esc to quit)
Aiming: Iceblast
Press: ? - help, Shift-Dir - straight line, p - Crazy Yiuf The mass of ice explodes!
The iceblast engulfs Crazy Yiuf!
You kill Crazy Yiuf!
You die...

... #....#
#######
#...##
###+#......
#...#
...........
##.##
........@..
#.##
...........
##.#
...<.......
#.##
...........
##.#
###########
##@## #.).#
#...# #..)#
#####


There were no monsters in sight!

Vanquished Creatures
  Crazy Yiuf (D:3)
  A hound (D:4)
  2 adders (D:2)
  A leopard gecko (D:2)
  3 bats
  A giant cockroach (D:4)
  A kobold (D:2)
  A frilled lizard (D:2)
  A rat (D:3)
12 creatures vanquished.

Notes
Turn   | Place    | Note
-------+----------+-------------------------------------------
     0 | D:1      | CurlyBrace the Felid Warper began the quest for the Orb.
     0 | D:1      | Reached XP level 1. HP: 9/9 MP: 4/4
    48 | D:2      | Reached skill level 1 in Stealth
    75 | D:2      | Reached XP level 2. HP: 7/13 MP: 6/6
   119 | D:3      | Noticed Terence
   145 | D:2      | Learned a level 2 spell: Blink
   275 | D:4      | Noticed an ogre
   297 | D:5      | Entered Level 5 of the Dungeon
   310 | D:4      | Reached XP level 3. HP: 6/16 MP: 3/7
   474 | D:3      | Found a runed translucent door.
   475 | D:3      | Noticed Crazy Yiuf
   485 | D:3      | Killed Crazy Yiuf
   485 | D:3      | Succumbed to Crazy Yiuf's poison

Illustrated notes

Levels and vault maps discovered:
D:1:      minmay_arrival_four_loops, layout_basic, chequers_mini_garden,
          minmay_misc_feat_tiny
D:2:      layout_rooms, minmay_overflow_temple_hex, kennysheep_big_empty_room,
          minmay_bisected
D:3:      layout_basic, uniq_terence, uniq_crazy_yiuf_cottage
D:4:      layout_loops_ring
D:5:      layout_basic, grunt_ministairs_12, kennysheep_path_1,
          serial_park_tiny_1

Skill      XL: |  1  2 |
---------------+-------+-----
Stealth        | 1 3 |  3.4
Unarmed Combat | 3 |  3.2
Fighting       | |  2.0
Dodging        | |  3.2
Spellcasting   | |  2.0
Translocations | |  4.4

Action                   || total
-------------------------++-------
Melee: Unarmed           ||    29
 Cast: Blink             ||    10
Evoke: Wand              ||     2
  Use: Potion            ||     4
       Scroll            ||     4
 Stab: Sleeping          ||     4
Armor: Skin              ||    24
Dodge: Dodged            ||    50
